 Dungeon Crawl Stone Soup version 0.20-a0-613-g92415a4 (webtiles) character file.

17658 Ijustatesigmund the Timeless (level 12, -8/71 HPs)
             Began as a Kobold Assassin on Feb 7, 2017.
             Was a High Priest of Cheibriados.
             Mangled by an orc warrior
             ... wielding a +0 trident
             ... led by an orc knight
              (24 damage)
             ... on level 1 of the Orcish Mines on Feb 8, 2017.
             The game lasted 00:42:03 (14496 turns).

Ijustatesigmund the Timeless (Kobold Assassin)     Turns: 14496, Time: 00:42:04

Health: -8/71      AC: 25    Str: 19    XL:     12   Next: 85%
Magic:  14/19      EV: 23    Int: 23    God:    Cheibriados [*****.]
Gold:   562        SH: 21    Dex: 35    Spells: 11/17 levels left

rFire    . . .     SeeInvis +   Q - +3 dagger (protect)
rCold    . . .     Gourm    .   u - +4 ring mail of Neiti {Regen+ Int-4 Dex+2 SInv}
rNeg     . . .     Faith    .   G - +4 shield of Lanetoib {rPois Dex+4}
rPois    +         Spirit   .   F - +1 helmet
rElec    .         Reflect  +   d - +0 cloak
rCorr    .         Harm     .   B - +1 pair of gloves
MR       .....                  J - +1 pair of boots
Stlth    ++++......             h - +4 amulet of reflection
Regen    0.7/turn               (no ring)
                                p - ring of poison resistance

@: protection aura, very slow
A: carnivore 3
a: Bend Time, Temporal Distortion, Slouch, Step From Time, Renounce Religion


You were on level 1 of the Orcish Mines.
You worshipped Cheibriados.
Cheibriados was extremely pleased with you.
You were full.

You visited 4 branches of the dungeon, and saw 16 of its levels.
You also visited: Sewer and Ossuary.

You collected 986 gold pieces.
You spent 424 gold pieces at shops.

Inventory:

Hand Weapons
 a - a +3 dagger
 b - a +0 blowgun
 r - a +2 dagger of venom
 Q - a +3 dagger of protection (weapon)
Missiles
 e - 69 poisoned needles
Armour
 d - a +0 cloak (worn)
 u - the +4 ring mail of Neiti (worn) {Regen+ Int-4 Dex+2 SInv}
   (You found it on level 5 of the Dungeon)

   It affects your intelligence (-4).
   It affects your dexterity (+2).
   It lets you see invisible.
   It increases your rate of regeneration.
 B - a +1 pair of gloves (worn)
 F - a +1 helmet (worn)
 G - the +4 shield of Lanetoib (worn) {rPois Dex+4}
   (You bought it in a shop on level 7 of the Dungeon)

   It affects your dexterity (+4).
   It protects you from poison.
 J - a +1 pair of boots (worn)
Jewellery
 c - an uncursed amulet of faith {unknown}
 h - a +4 amulet of reflection (around neck)
 p - a ring of poison resistance (left hand)
 N - an uncursed amulet of rage {unknown}
 P - an uncursed ring of wizardry {unknown}
Wands
 f - a wand of digging (0/24)
 o - a wand of confusion (0/48)
 w - a wand of flame (17/48)
 C - a wand of iceblast (4/15)
 H - a wand of flame (26/48)
 L - a wand of enslavement (14/24)
 R - a wand of flame (27/48)
Scrolls
 l - 2 scrolls of enchant weapon
 s - 10 scrolls of remove curse
 v - a scroll of fear
 y - 5 scrolls of teleportation
 I - 2 scrolls of amnesia
Potions
 i - 4 potions of lignification
 k - a potion of cancellation
 n - 3 potions of agility
 q - 9 potions of curing
 t - 6 potions of might
 x - 3 potions of magic
 z - 4 potions of brilliance
 A - 3 potions of flight
 D - 2 potions of cure mutation
 E - a potion of ambrosia
 K - a potion of resistance
 O - a potion of heal wounds {unknown}
Books
 j - a book of Cantrips

   Spells                             Type                      Level
   a - Confusing Touch                Hexes                        1
   b - Animate Skeleton               Necromancy                   1
   c - Summon Small Mammal            Summoning                    1
   d - Apportation                    Translocation                1
Comestibles
 g - 11 meat rations
 m - 10 royal jellies


   Skills:
 + Level 6.8 Fighting
 + Level 8.7 Short Blades
 - Level 4.0 Throwing
 - Level 6.3 Armour
 - Level 9.2 Dodging
 - Level 7.3 Stealth
 - Level 6.2 Shields
 + Level 3.2 Spellcasting
 - Level 3.9 Conjurations
 + Level 0.4 Hexes
 + Level 0.6 Ice Magic
 - Level 4.1 Air Magic
 - Level 4.0 Poison Magic
 - Level 9.4 Invocations


You had 11 spell levels left.
You knew the following spells:

 Your Spells              Type           Power        Failure   Level  Hunger
a - Mephitic Cloud        Conj/Pois/Air  ###.....     47%         3    ###....
b - Ensorcelled Hibernat  Hex/Ice        #.....       88%         2    ##.....
c - Apportation           Tloc           #.....       80%         1    None


Dungeon Overview and Level Annotations

Branches:
Dungeon (12/15)            Temple (1/1) D:4            Lair (1/6) D:11
    Orc (2/2) D:11
    Elf: Orc:2

Altars:
Ashenzari
Cheibriados
Dithmenos
Elyvilon
Fedhas
Gozag
Hepliaklqana
Kikubaaqudgha
Makhleb
Nemelex Xobeh
Okawaru
Qazlal
Ru
Sif Muna
Trog
Uskayaw
Vehumet
Xom
Yredelemnul
Zin
The Shining One

Shops:
D:7 [[

Annotations:
D:7 exclusion: obsidian statue


Innate Abilities, Weirdness & Mutations

You are small and have problems with some larger weapons.
You are carnivorous and can eat meat at any time.


Message History

The orc barely misses you. The ogre hits you with a giant club!
* * * LOW HITPOINT WARNING * * *
You are too injured to fight recklessly!
You can feel time thicken for a moment.
You kill the ogre!
Cheibriados thoroughly appreciates the change of pace.
You kill the orc!
Cheibriados appreciates the change of pace.
You kill the orc!
Cheibriados thoroughly appreciates the change of pace.
You kill the orc!
Cheibriados appreciates the change of pace.
You feel somewhat less full.
Cheibriados lowers the support of your attributes as your movement quickens.
You block the warg's attack.
The orc knight roars a battlecry!
The orc warrior goes into a battle-frenzy!
You block the orc warrior's attack. x2
The orc warrior hits you from afar with a trident!!
You die...

##.#.....##
#...#.#.#.#
.....#...
##.......
#....... #.
##.....## $..
#...)Too#o...
#.@)oo)...
###.hoo.....
##$..).4....#
#.........$.#
#..>.......##
##...$..#...#
#........#.##
##..#...####
##.##...#


You could see an orc knight, a rust devil, a troll, a warg, an orc sorcerer and
5 orc warriors.

Vanquished Creatures
  A hydra (Lair:1)
  Erica (D:11)
  A two-headed ogre (D:11)
  3 unseen horrors
  Pikel (D:7)
  A manticore (D:11)
  A gargoyle (D:10)
  A rime drake (Lair:1)
  2 komodo dragons (Lair:1)
  A troll (Orc:1)
  4 hippogriffs
  A wraith (D:12)
  A wyvern (D:9)
  3 hungry ghosts
  A steam dragon (D:11)
  20 yaks
  4 hogs (D:7)
  A human (D:7)
  A vampire mosquito (D:12)
  An acid dragon (D:11)
  2 wargs (Orc:1)
  2 hell hounds (D:11)
  2 water moccasins (Lair:1)
  2 porcupines (Lair:1)
  3 ice beasts
  A slave (D:7)
  2 sky beasts
  A phantom (D:4)
  6 orc warriors
  A necrophage (D:10)
  3 black bears
  2 centaurs
  5 ogres
  4 wolves (Lair:1)
  3 crocodiles (Lair:1)
  A big kobold (D:11)
  A gnoll sergeant (D:9)
  7 bullfrogs
  4 scorpions
  A wyvern skeleton (D:10)
  12 killer bees
  2 electric eels (D:7)
  2 howler monkeys
  3 crimson imps
  A hound (D:6)
  4 jellies
  3 centaur skeletons
  4 orc priests
  3 bullfrog skeletons
  An iguana (D:6)
  14 orc wizards
  16 worker ants
  A centaur simulacrum (D:12)
  A hound skeleton (D:7)
  9 mummies
  A howler monkey zombie (D:9)
  8 gnolls (D:9)
  19 adders
  A shadow imp (D:11)
  An adder skeleton (D:9)
  6 dart slugs
  6 leopard geckos
  36 orcs
  7 giant cockroaches
  8 goblins
  5 hobgoblins
  17 jackals
  20 kobolds
  5 quokkas
  3 ball pythons
  5 bats
  8 frilled lizards
  A gnoll zombie (Ossuary)
  A hobgoblin zombie (Ossuary)
  A jackal zombie (D:6)
  4 kobold zombies (Ossuary)
  2 orc zombies (Ossuary)
  A quokka skeleton (D:4)
  5 rats
350 creatures vanquished.

Vanquished Creatures (others)
  2 slaves (D:7)
  A howler monkey zombie (D:7)
  A quokka (D:6)
  A fungus (Lair:1)
5 creatures vanquished.

Grand Total: 355 creatures vanquished

Notes
Turn   | Place    | Note
-------+----------+-------------------------------------------
     0 | D:1      | Ijustatesigmund the Kobold Assassin began the quest for the Orb.
     0 | D:1      | Reached XP level 1. HP: 12/12 MP: 1/1
   217 | D:1      | Reached XP level 2. HP: 18/18 MP: 2/2
   575 | D:1      | You fall through a shaft!
   621 | D:2      | Reached XP level 3. HP: 17/23 MP: 3/3
   970 | D:2      | Found a shadowy altar of Dithmenos.
  1261 | D:2      | Reached XP level 4. HP: 26/28 MP: 4/4
  1360 | D:2      | Found a white marble altar of Elyvilon.
  1864 | D:3      | Reached XP level 5. HP: 27/33 MP: 5/5
  2490 | D:4      | Noticed a phantom
  2494 | D:4      | Killed a phantom
  2494 | D:4      | Reached skill level 5 in Short Blades
  2494 | D:4      | Reached XP level 6. HP: 37/38 MP: 6/6
  2495 | D:4      | Found a deep blue altar of Sif Muna.
  2681 | D:5      | Entered Level 5 of the Dungeon
  3194 | D:4      | Found a staircase to the Ecumenical Temple.
  3199 | Temple   | Entered the Ecumenical Temple
  3421 | D:4      | Reached XP level 7. HP: 44/44 MP: 7/7
  4068 | D:5      | Found an opulent altar of Gozag.
  4428 | D:5      | Reached skill level 5 in Fighting
  4962 | D:5      | Got a heavily runed ring mail
  4973 | D:5      | Identified the +4 ring mail of Neiti {Regen+ Int-4 Dex+2 SInv} (You found it on level 5 of the Dungeon)
  5162 | D:6      | Found a radiant altar of Vehumet.
  5171 | D:6      | Reached skill level 1 in Armour
  5171 | D:6      | Reached XP level 8. HP: 49/49 MP: 8/8
  5248 | D:6      | Found a glowing drain.
  5280 | Sewer    | Entered a sewer
  5675 | D:6      | Found a sand-covered staircase.
  5682 | Ossuary  | Entered an ossuary
  5992 | Ossuary  | Reached skill level 5 in Armour
  6451 | D:6      | Reached XP level 9. HP: 50/54 MP: 9/9
  6589 | D:6      | Upgraded the game from 0.20-a0-556-g892c87b to 0.20-a0-613-g92415a4
  6620 | D:6      | Found a blossoming altar of Fedhas.
  6706 | D:6      | Found a stormy altar of Qazlal.
  6706 | D:6      | Found a glowing golden altar of the Shining One.
  6713 | D:6      | Found a shattered altar of Ashenzari.
  6716 | D:6      | Found a hazy altar of Hepliaklqana.
  6718 | D:6      | Found a snail-covered altar of Cheibriados.
  6734 | D:6      | Became a worshipper of Cheibriados the Contemplative
  6774 | D:7      | Found Lyacyin's Armour Shoppe.
  6915 | D:7      | Found Xypneucw's Antique Armour Shop.
  6918 | D:7      | Bought a glowing helmet for 187 gold pieces
  6918 | D:7      | Bought a crude shield for 237 gold pieces
  6928 | D:7      | Identified the +4 shield of Lanetoib {rPois Dex+4} (You bought it in a shop on level 7 of the Dungeon)
  6999 | D:7      | Noticed Pikel
  7032 | D:7      | Killed Pikel
  7225 | D:7      | Reached skill level 5 in Invocations
  7835 | D:7      | Noticed an obsidian statue
  7898 | D:7      | Noticed a hippogriff
  7907 | D:7      | Killed a hippogriff
  7907 | D:7      | Reached XP level 10. HP: 50/59 MP: 12/14
  7959 | D:8      | Reached * piety under Cheibriados
  8078 | D:8      | Reached skill level 5 in Shields
  8518 | D:8      | Noticed an unseen horror
  8635 | D:8      | Killed an unseen horror
  8973 | D:9      | Reached ** piety under Cheibriados
  9331 | D:9      | Found a white marble altar of Elyvilon.
  9350 | D:9      | Reached XP level 11. HP: 64/64 MP: 17/17
  9443 | D:9      | Reached *** piety under Cheibriados
 10222 | D:10     | Entered Level 10 of the Dungeon
 10308 | D:10     | Reached **** piety under Cheibriados
 10407 | D:10     | Reached skill level 5 in Dodging
 10943 | D:11     | Noticed a two-headed ogre
 10986 | D:11     | Killed a two-headed ogre
 11094 | D:11     | Found a staircase to the Lair.
 11108 | D:11     | Noticed Erica
 11113 | D:11     | Killed Erica
 11254 | Lair:1   | Entered Level 1 of the Lair of Beasts
 11307 | Lair:1   | Learned a level 3 spell: Mephitic Cloud
 11498 | Lair:1   | Reached skill level 1 in Poison Magic
 11521 | Lair:1   | Reached skill level 1 in Conjurations
 11521 | Lair:1   | Reached skill level 1 in Air Magic
 11641 | Lair:1   | Noticed a four-headed hydra
 11684 | Lair:1   | Killed a four-headed hydra
 11684 | Lair:1   | Reached XP level 12. HP: 27/71 MP: 6/19
 11911 | Lair:1   | Got a silken robe
 12737 | Lair:1   | Learned a level 2 spell: Ensorcelled Hibernation
 12755 | Lair:1   | Identified the +0 robe of the Peculiar Lives {-Cast rF++ rN+} (You found it on level 1 of the Lair of Beasts)
 12858 | D:11     | Reached skill level 1 in Spellcasting
 13402 | D:11     | Noticed an unseen horror
 13489 | D:11     | Killed an unseen horror
 13489 | D:11     | Reached ***** piety under Cheibriados
 13507 | D:11     | Found a staircase to the Orcish Mines.
 13832 | D:12     | Noticed an unseen horror
 13837 | D:12     | Killed an unseen horror
 14049 | D:12     | Noticed a deep troll earth mage
 14049 | D:12     | Noticed a tengu reaver
 14119 | Orc:1    | Entered Level 1 of the Orcish Mines
 14460 | Orc:1    | Learned a level 1 spell: Apportation
 14471 | Orc:2    | Entered Level 2 of the Orcish Mines
 14496 | Orc:1    | Mangled by an orc warrior

Vault maps used:
D:1:      dpeg_arrival_stonehenge_8_columns
D:2:      nicolae_overflow_crystal_walls, marbit_many_paths
D:3:      corexii_shack_village
D:4:      cheibrodos_quashed, lemuel_crystal_altar, temple_doors_e
D:5:      first_bread, basic_altar, hangedman_decor_opposing
D:6:      vehumet_altar_wand_db, chequers_temple_overflow_minitemple,
          gup_sewer_entry_glass, gup_ossuary_entry_pyramid,
          fedhas_altar_fruit_tree
D:7:      statuecave_lemuel, serial_shops, shop_statue,
          nicolae_shop_behind_doors, grunt_livestock,
          kennysheep_generic_room_15, uniq_pikel
D:9:      elyvilon_altar_5
D:11:     minmay_lair_entry_lava, orc_0_dummy, serial_glass, glass_columns_a,
          glass_columns_a, uniq_erica
D:12:     minmay_heptahexagon, serial_shops, shop_statue, minivault_23,
          uniq_erolcha
Temple:   minmay_temple_bridge_abc
Lair:1:   minivault_24, lemuel_fruit_tree
Orc:2:    st_orc_mages
Sewer:    sewer_co_cracked_pipes
Ossuary:  ossuary_tomb_3

Skill      XL: |  1  2  3  4  5  6  7  8  9 10 11 12 |
---------------+-------------------------------------+-----
Short Blades   | 3 4 5 6 7 8 |  8.7
Fighting       | 3 4 5 6 |  6.8
Dodging        | 2 3 4 9 |  9.2
Stealth        | 6 7 |  7.3
Armour         | 1 5 6 |  6.3
Shields        | 4 6 |  6.2
Invocations    | 5 8 9 |  9.4
Poison Magic   | 1 4 |  4.0
Conjurations   | 1 3 |  3.9
Air Magic      | 1 4 |  4.1
Throwing       | 3 4 |  4.0
Spellcasting   | 3 |  3.2
Hexes          | |  0.4
Ice Magic      | |  0.6

Action                   |  1- 3 |  4- 6 |  7- 9 | 10-12 || total
-------------------------+-------+-------+-------+-------++-------
Melee: Dagger            |    77 |   145 |   583 |  1504 ||  2309
 Fire: Blowgun           |       |       |     6 |    27 ||    33
Invok: Bend Time         |       |       |       |     3 ||     3
       Slouch            |       |       |       |     3 ||     3
Evoke: Wand              |       |     5 |    10 |     7 ||    22
  Use: Scroll            |     3 |     4 |     9 |    11 ||    27
       Potion            |       |       |     7 |     2 ||     9
 Stab: Sleeping          |     8 |    15 |    10 |    28 ||    61
       Confused          |       |     3 |       |       ||     3
       Distracted        |       |       |       |     2 ||     2
  Eat: Chunk             |     9 |     7 |     9 |    30 ||    55
Armor: Robe              |     6 |    16 |    10 |       ||    32
       Ring mail         |       |       |    75 |   176 ||   251
Dodge: Dodged            |    30 |    89 |   235 |   500 ||   854
Block: Other             |    15 |    24 |    47 |       ||    86
       Reflection        |     2 |     1 |       |     4 ||     7
       Shield            |       |       |    67 |  1276 ||  1343
